 Dungeon Crawl Stone Soup version 0.28.0-1-gb440e238dd (webtiles) character file.

Game seed: 13952412406497097648

1282 issech the Cudgeller (level 8, -5/69 (71) HPs)
             Began as a Troll Monk on Feb 19, 2022.
             Was a Believer of Hepliaklqana.
             Slain by a wight (11 damage)
             ... on level 8 of the Dungeon.
             The game lasted 00:17:34 (4244 turns).

issech the Cudgeller (Troll Monk)                   Turns: 4244, Time: 00:17:34

HP:   -5/69 (71)    AC:  4    Str: 20    XL:     8   Next: 29%
MP:   7/7           EV: 10    Int:  6    God:    Hepliaklqana [**....]
Gold: 95            SH:  6    Dex: 14    Spells: 7/7 levels left

rFire   + . .      SeeInvis .   t - +6 flail (vorpal)
rCold   . . .      Faith    .   y - +0 kite shield
rNeg    . . .      Spirit   .   b - +0 robe
rPois   .          Reflect  .   (helmet restricted)
rElec   .          Harm     .   (no cloak)
rCorr   .          Rampage  .   (gloves unavailable)
Will    .....                   (boots unavailable)
Stlth   ++........              (no amulet)
HPRegen 1.01/turn               d - ring of protection from fire
MPRegen 0.10/turn               h - ring of flight

@: flying, lightly drained
A: reduced essence, large, unfitting armour, claws 3, regeneration 1, shaggy fur
1, tough skin 1
a: Renounce Religion, Recall Ancestor, Ancestor Identity


You were on level 8 of the Dungeon.
You worshipped Hepliaklqana.
Hepliaklqana was pleased with you.
You visited 2 branches of the dungeon, and saw 8 of its levels.

You collected 95 gold pieces.

Inventory:

Hand Weapons
 a - a +0 mace
 r - a +0 flail
 s - a +2 falchion of holy wrath
 t - a +6 vorpal flail (weapon)
Missiles
 i - 196 stones (quivered)
 j - 6 silver boomerangs
 k - 12 sling bullets
 l - 46 bolts
 o - 3 poisoned darts
 w - a throwing net
 x - 27 arrows
Armour
 b - a +0 robe (worn)
 y - a +0 kite shield (worn)
Jewellery
 d - a ring of protection from fire (left claw)
 g - a ring of magical power
 h - a ring of flight (right claw)
 p - a +6 ring of intelligence
Scrolls
 c - a scroll of enchant armour
 e - a scroll of silence
 m - a scroll of fear
 n - a scroll of teleportation {unknown}
 v - a scroll of blinking {unknown}
Potions
 f - 2 potions of lignification {unknown}
 q - 3 potions of might {unknown}
 u - a potion of ambrosia {unknown}
 z - 2 potions of heal wounds {unknown}


   Skills:
 + Level 4.4 Fighting
 + Level 6.6 Maces & Flails
 + Level 2.3 Throwing
 + Level 4.7 Dodging
 + Level 1.7 Stealth


You had 7 spell levels left.
You didn't know any spells.
Your spell library contained the following spells:

 Spells                   Type           Power      Damage    Failure   Level
 Blink                    Tloc           0%         N/A       90%         2
 Dazzling Flash           Conj/Hex       0%         N/A       99%         3
 Lesser Beckoning         Tloc           0%         N/A       99%         3
 Iskenderun's Mystic Bla  Conj/Tloc      0%         2d3       100%        4
 Manifold Assault         Tloc           0%         N/A       100%        5
 Starburst                Conj/Fire      0%         6d3       100%        6
 Storm Form               Tmut/Air       0%         N/A       100%        7


Dungeon Overview and Level Annotations

Branches:
Dungeon (6/15)             Temple (1/1) D:5

Altars:
Ashenzari
Cheibriados
Dithmenos
Elyvilon
Fedhas
Gozag
Hepliaklqana
Kikubaaqudgha
Nemelex Xobeh
Okawaru
Qazlal
Ru
Sif Muna
Trog
Uskayaw
Vehumet
Wu Jian
Xom
Yredelemnul
Zin
The Shining One

Annotations:
D:2 1 runed translucent door, Crazy Yiuf


Innate Abilities, Weirdness & Mutations

Your life essence is reduced to manifest your ancestor. (-10% HP)
You are too large for most types of armour.
You have claws for hands.
Your natural rate of healing is unusually fast.
You are covered in fur. (AC +1)
You have tough skin. (AC +1)


Message History

The kobold brigand dies!
A kobold comes into view. It is wielding a +0 dagger.
You hit the kobold.
You kill the kobold!
A wight comes into view. It is wielding a +3 dagger.
The kobold hits you with a +1 dagger of draining.
You feel drained.
Items here: ( )) ? †.
You sock the kobold!
You kill the kobold!
You hit the kobold.
You kill the kobold!
Things that are here:
a +0 dagger; a +1 dagger of draining You sock the wight!
The wight is severely damaged.
The wight hits you with a +3 dagger. x2
You hit the wight.
The wight is almost destroyed.
Leofdaeg barely misses the wight.
The wight hits you with a +3 dagger.
You feel drained.
You sock the wight!
You destroy the wight!
The wight hits you with a +0 falchion!
Leofdaeg closely misses the wight.
You thump the wight!
The wight is almost destroyed.
The wight hits you but does no damage.
Leofdaeg casts a spell at the wight.
The puff of frost hits the wight but does no damage.
You catch the helpless wight completely off-guard!
You hit the wight but do no damage.
The wight is almost destroyed.
The wight hits you with a +0 falchion.
You feel drained.
Leofdaeg hits the wight with a +0 quarterstaff!!
The wight is destroyed!
The wight hits you with a +4 flail!
* * * LOW HITPOINT WARNING * * *
Items here: )) [[.
You hit the wight but do no damage. The wight hits you with a +4 flail!
You die...

.. #.#
####.################
......(..............
#........####.##..
#..)).†..# #.#
#.<)))...# #.#
#R)......# #.#
#@.......# #.#
#.....z###.##### #)#
###.... #.)# #.#
#.... ..... #.# #....
....... #.# #....
...... #.# #.... .###
#.# #.... #.# #.#


You could see the friendly Leofdaeg the battlemage and a wight (ally target).

Vanquished Creatures
  Edmund (D:3)
  3 necrophages
  A black bear (D:5)
  A bullfrog (D:8)
  2 wights (D:8)
  A hound (D:3)
  An orc priest (D:5)
  Jessica (D:3)
  2 iguanas (D:4)
  An orc wizard (D:3)
  A hound skeleton (D:4)
  4 adders
  4 gnolls (D:5)
  2 shadow imps (D:5)
  2 dart slugs
  A worm (D:4)
  9 orcs
  5 endoplasms
  2 giant cockroaches (D:2)
  7 goblins
  8 hobgoblins
  3 jackals (D:1)
  4 quokkas
  5 ball pythons
  7 bats
  2 frilled lizards
  8 kobolds
  6 rats
94 creatures vanquished.

Vanquished Creatures (collateral kills)
  A sky beast (D:8)
  A centaur (D:5)
  A kobold brigand (D:8)
  A wight (D:8)
  A scorpion zombie (D:5)
  A howler monkey skeleton (D:5)
  2 kobolds (D:8)
8 creatures vanquished.

Vanquished Creatures (others)
  A fungus (D:2)
  A plant (D:8)
2 creatures vanquished.

Grand Total: 104 creatures vanquished

Notes
Turn   | Place    | Note
-------+----------+-------------------------------------------
     0 | D:1      | issech the Troll Monk began the quest for the Orb.
     0 | D:1      | Reached XP level 1. HP: 22/22 MP: 0/0
   198 | D:1      | Reached XP level 2. HP: 25/29 MP: 1/1
   284 | D:1      | Reached skill level 3 in Maces & Flails
   552 | D:1      | Reached XP level 3. HP: 36/36 MP: 2/2
  1255 | D:2      | Reached XP level 4. HP: 42/44 MP: 3/3
  1360 | D:2      | Found a runed translucent door.
  1361 | D:2      | Noticed Crazy Yiuf
  1617 | D:3      | Reached XP level 5. HP: 53/53 MP: 4/4
  1774 | D:3      | Noticed Jessica
  1799 | D:3      | Reached skill level 4 in Maces & Flails
  1851 | D:3      | Killed Jessica
  1944 | D:3      | Noticed a floating eye
  1946 | D:3      | Found a faded altar of an unknown god.
  1948 | D:3      | Noticed a great orb of eyes
  1949 | D:3      | Noticed a golden eye
  1949 | D:3      | Noticed an eye of devastation
  2403 | D:4      | Noticed Edmund
  2404 | D:4      | Noticed a necrophage
  2590 | D:3      | Killed Edmund
  2591 | D:3      | Reached XP level 6. HP: 45/61 MP: 5/5
  2755 | D:4      | Reached skill level 1 in Throwing
  3346 | D:5      | Entered Level 5 of the Dungeon
  3352 | D:5      | Reached skill level 5 in Maces & Flails
  3352 | D:5      | Reached XP level 7. HP: 66/67 MP: 6/6
  3601 | D:5      | Found a staircase to the Ecumenical Temple.
  3618 | Temple   | Entered the Ecumenical Temple
  3823 | Temple   | Became a worshipper of Hepliaklqana the Forgotten
  3823 | Temple   | Reached * piety under Hepliaklqana
  3823 | Temple   | Reached ** piety under Hepliaklqana
  3824 | Temple   | Remembered your ancestor Leofdaeg as a battlemage
  3927 | D:5      | Reached skill level 6 in Maces & Flails
  4200 | D:6      | You are sucked into a shaft and drop 2 floors!
  4219 | D:8      | Reached XP level 8. HP: 57/70 MP: 5/7
  4244 | D:8      | Slain by a wight

Illustrated notes

Levels and vault maps discovered:
D:1:      dpeg_arrival_boxes_within_box, layout_loops_ring
D:2:      layout_basic, serial_shops, shop, solitary_fountain,
          minmay_worlds_worst_comb, uniq_crazy_yiuf_cottage
D:3:      layout_basic, hellmonk_ecumenical_altar_watching_god,
          kennysheep_boxes, uniq_jessica
D:4:      layout_basic, uniq_edmund
D:5:      layout_rooms, minmay_temple_entry_antechambers
D:6:      layout_rooms, serial_shops, nicolae_square_shop
D:8:      layout_basic, erik_lair_orcish_takeover, uniq_maurice
Temple:   mainiacjoe_temple_archimedes_tessellation

Skill      XL: |  1  2  3  4  5  6  7 |
---------------+----------------------+-----
Maces & Flails | 3 4 5 6 |  6.6
Dodging        | 3 4 |  4.7
Fighting       | 3 4 |  4.4
Throwing       | 1 2 |  2.3
Stealth        | |  1.7

Action                   |  1- 3 |  4- 6 |  7- 9 || total
-------------------------+-------+-------+-------++-------
Melee: Mace              |   133 |   132 |       ||   265
       Punch             |     2 |       |       ||     2
       Flail             |       |    24 |    57 ||    81
Throw: Stone             |       |    30 |       ||    30
Invok: Recall Ancestor   |       |       |     1 ||     1
       Ancestor Life: Ba |       |       |     1 ||     1
  Use: Scroll            |       |       |     3 ||     3
 Stab: Sleeping          |     3 |     1 |     1 ||     5
       Distracted        |       |       |     1 ||     1
Armor: Robe              |    47 |    65 |    17 ||   129
Dodge: Dodged            |    79 |   116 |    33 ||   228
Block: Kite shield       |       |       |     1 ||     1
